 Dungeon Crawl Stone Soup version 0.30-a0-475-g03497ec522 (webtiles) character file.

Game seed: 12083034487866204143

914 sanka the Geomancer (level 7, 31/31 HPs)
             Began as a Felid Earth Elementalist on Dec 20, 2022.
             Quit the game on level 5 of the Dungeon.
             The game lasted 00:12:12 (6373 turns).

sanka the Geomancer (Felid Earth Elementalist)      Turns: 6373, Time: 00:12:13

Health: 31/31      AC:  2    Str:  4    XL:     7   Next: 82%
Magic:  12/12      EV: 20    Int: 19    God:
Gold:   272        SH:  0    Dex: 16    Spells: 6/12 levels left
                                        Lives:  1   Deaths: 1

rFire   . . .      SeeInvis +    (weapon unavailable)
rCold   . . .      Faith    .    (shield unavailable)
rNeg    . . .      Spirit   .    (body armour unavailable)
rPois   .          Reflect  .    (helmet unavailable)
rElec   .          Harm     .    (cloak unavailable)
rCorr   .          Rampage  .    (gloves unavailable)
Will    +....                    (boots unavailable)
Stlth   ++........               o - amulet of regeneration
HPRegen 1.05/turn                (no ring)
MPRegen 0.13/turn                (no ring)

@: quick
A: very small, claws 1, fangs 3, see invisible, speed 1, shaggy fur 2, stealthy
paws, no weapons or thrown items, no armour, multi-lived
a: no special abilities


You were on level 5 of the Dungeon.
You visited 2 branches of the dungeon, and saw 7 of its levels.

You collected 272 gold pieces.


Innate Abilities, Weirdness & Mutations

You have sharp claws.
You have razor-sharp teeth.
You have supernaturally acute eyesight. (SInv)
You cover ground quickly. (Speed+)
You are covered in thick fur. (AC +2)
Your paws help you pounce on unaware monsters.
You are incapable of wielding weapons or throwing items.
You cannot wear armour.
You gain extra lives every three experience levels.


   Skills:
 + Level 3.8 Fighting
 + Level 6.0 Dodging
 - Level 2.6 Stealth
 - Level 3.0 Spellcasting
 - Level 4.0 Conjurations
 - Level 2.0 Transmutations
 - Level 8.0 Earth Magic


You had 6 spell levels left.
You knew the following spells:

 Your Spells              Type           Power      Damage    Failure   Level
x - Stone Arrow           Conj/Erth      50%        3d10      3%          3
z - Sandblast             Erth           66%        2d15      1%          1
N - Passwall              Tmut/Erth      17%        N/A       3%          2

Your spell library contained the following spells:

 Spells                   Type           Power      Damage    Failure   Level
 Slow                     Hex            8%         N/A       16%         1
 Petrify                  Tmut/Erth      21%        N/A       19%         4
 Confusing Touch          Hex            2%         N/A       41%         3
 Summon Guardian Golem    Hex/Summ       2%         N/A       41%         3
 Vampiric Draining        Necr           2%         2d6       41%         3
 Olgreb's Toxic Radiance  Pois           2%         N/A       83%         4
 Orb of Destruction       Conj           9%         9d6       100%        7
 Ozocubu's Refrigeration  Ice            1%         4d7       100%        7
 Spellforged Servitor     Conj/Summ      5%         N/A       100%        7
 Ignition                 Fire           1%         3d3       100%        8

Inventory:

Jewellery
 o - an amulet of regeneration (around neck)
Scrolls
 c - a scroll of immolation {unknown}
 d - a scroll of vulnerability {unknown}
 e - 2 scrolls of teleportation {unknown}
 h - 5 scrolls of identify {unknown}
 j - a scroll of fog {unknown}
 n - a scroll of enchant armour {unknown}
 p - 2 scrolls of poison {unknown}
 q - a scroll of blinking {unknown}
 s - a scroll of noise {unknown}
Potions
 a - 3 potions of magic
 b - 2 potions of flight {unknown}
 f - a potion of might {unknown}
 g - 3 potions of curing {@q1}
 i - 2 potions of ambrosia {unknown}
 k - 4 potions of heal wounds {unknown}
 l - 2 potions of cancellation {unknown}
 m - a potion of lignification {unknown}
 r - a potion of mutation {unknown}

Dungeon Overview and Level Annotations

Branches:
Dungeon (6/15)             Temple (1/1) D:5

Altars:
Ashenzari
Cheibriados
Elyvilon
Fedhas
Hepliaklqana
Makhleb
Qazlal
Ru
Uskayaw
Vehumet
Xom
Zin
The Shining One

Shops:
D:2 :   D:4 :

Annotations:
D:2 Sigmund
D:6 Blork the orc, Edmund

....▒...▒.......▒....▒.......W...
.▒.▒▒...▒..▒▒▒..▒..▒.▒▒▒▒▒▒▒▒▒▒▒▒
........'..▒▒▒..▒..▒.............
▒▒......'.......▒..▒.............
▒.....÷'..▒▒▒..▒..▒.............
▒......▒..▒▒▒..▒..▒.............
▒▒+▒▒..▒.......▒..▒▒▒▒▒▒▒▒▒▒▒▒▒▒
▒▒......▒▒▒▒▒▒▒▒▒................
..............÷.h................
.................................
..............▒..................
▒▒'▒▒▒▒.▒▒▒▒▒▒▒..................
......▒.▒▒▒.....▒'▒▒▒▒▒▒'▒▒▒'▒▒▒▒
......▒...▒.....▒[.........▒.....
......▒...▒.....▒..........▒.....
......▒...▒.....▒..........▒.....
...▒'▒▒▒'▒▒.....▒....▒▒▒▒▒▒▒▒...▒


There were no monsters in sight!


Message History

The killer bee poisons you! The killer bee barely misses you.
The killer bee misses you.
The blast of sand hits the killer bee!
The killer bee is almost dead.
* * * LOW HITPOINT WARNING * * *
You feel extremely sick. The killer bee stings you!
* * * LOW HITPOINT WARNING * * *
The killer bee misses you. The killer bee closely misses you.
The killer bee barely misses you. The killer bee closely misses you.
The killer bee misses you.
The blast of sand misses the killer bee.
You die...
You feel very sick. The killer bee completely misses you.
The killer bee closely misses you. The killer bee closely misses you.
The killer bee misses you. The killer bee closely misses you.
The killer bee stings you but does no damage.
You are now level 7!
You rejoin the land of the living...
Unknown command.
Done exploring.
There is an open door here.
You see here a necrophage skeleton.
Are you sure you want to abandon this character and quit the game? (Confirm with "yes".)

Action                   |  1- 3 |  4- 6 |  7- 9 || total
-------------------------+-------+-------+-------++-------
Melee: Unarmed           |    10 |    11 |       ||    21
       Bite              |     2 |     2 |       ||     4
 Cast: Sandblast         |    60 |    97 |    92 ||   249
  Use: Potion            |       |     1 |       ||     1
 Stab: Sleeping          |     1 |       |       ||     1
Armor: Skin              |     3 |     1 |     5 ||     9
Dodge: Dodged            |    29 |    60 |    47 ||   136

Levels and vault maps discovered:
D:1:      heliophobic_arrival_glass_houses, layout_basic,
          hangedman_decor_clover_reticule, kennysheep_doodads
D:2:      layout_basic, hellmonk_ecumenical_altar_inner_sanctum, serial_shops,
          shop, uniq_robin, uniq_sigmund
D:3:      minmay_octagon_keep, layout_basic
D:4:      layout_rooms, zin_scriptorium, serial_shops,
          nicolae_shop_behind_doors, gammafunk_ghost_nasty_kobolds,
          serial_curves, eino_curves_04, eino_curves_03, glass_columns_a
D:5:      layout_gridville, mainiacjoe_overflow_alcove_2,
          mainiacjoe_overflow_six_doors_small, temple_statues,
          gammafunk_ghost_split, serial_glass, glass_columns_c, glass_columns_b,
          glass_columns_a, glass_columns_a, glass_columns_a, glass_columns_b,
          uniq_duvessa
D:6:      layout_cave_pools, nicolae_shop_vocational, uniq_edmund,
          uniq_prince_ribbit1, uniq_blork_the_orc
Temple:   hellmonk_temple_flake

Notes
Turn   | Place    | Note
-------+----------+-------------------------------------------
     0 | D:1      | sanka the Felid Earth Elementalist began the quest for the
                  | Orb.
     0 | D:1      | Reached XP level 1. HP: 7/7 MP: 4/4
   498 | D:1      | Reached skill level 3 in Earth Magic
   499 | D:1      | Reached XP level 2. HP: 11/11 MP: 3/6
   502 | D:1      | Learned a level 2 spell: Passwall
   644 | D:1      | Reached skill level 2 in Transmutations
  1146 | D:2      | Reached XP level 3. HP: 14/14 MP: 5/7
  1405 | D:2      | Noticed Sigmund
  1783 | D:2      | Found a faded altar of an unknown god.
  1821 | D:2      | Reached skill level 4 in Earth Magic
  1889 | D:2      | Noticed Robin
  1895 | D:2      | Killed Robin
  1897 | D:2      | Reached XP level 4. HP: 9/18 MP: 1/8
  2027 | D:2      | Found Timarih's Book Emporium.
  2207 | D:2      | Learned a level 3 spell: Stone Arrow
  3218 | D:3      | Reached XP level 5. HP: 21/21 MP: 3/9
  3331 | D:4      | Reached skill level 1 in Conjurations
  3331 | D:4      | Reached skill level 5 in Earth Magic
  3407 | D:4      | Found Dycsouse's Book Shoppe.
  3415 | D:4      | Noticed a black bear
  3432 | D:4      | Killed a black bear
  3433 | D:4      | Reached skill level 2 in Conjurations
  3433 | D:4      | Gained mutation: You are covered in thick fur. (AC +2)
                  | [Felid growth]
  3433 | D:4      | Reached XP level 6. HP: 24/24 MP: 7/10
  3592 | D:4      | Reached skill level 6 in Earth Magic
  3774 | D:4      | Found a runed translucent gate.
  3774 | D:4      | Found a runed translucent gate.
  3774 | D:4      | Found a runed translucent gate.
  3775 | D:4      | Noticed DEFE's ghost (weakling VSDe)
  4167 | D:4      | Found a glowing silver altar of Zin.
  4243 | D:4      | Killed DEFE's ghost
  4411 | D:5      | Entered Level 5 of the Dungeon
  4447 | D:5      | Reached XP level 7. HP: 27/27 MP: 9/11
  4624 | D:5      | Reached skill level 7 in Earth Magic
  4662 | D:5      | Found a runed translucent gate.
  4662 | D:5      | Found a runed translucent gate.
  4664 | D:5      | Found a runed translucent gate.
  4669 | D:5      | Noticed Verendum's ghost (novice OpTm)
  4686 | D:5      | Noticed a shadow
  4688 | D:5      | Found a staircase to the Ecumenical Temple.
  4704 | Temple   | Entered the Ecumenical Temple
  4936 | D:5      | Found a hide-covered altar of Uskayaw.
  5277 | D:5      | Noticed Duvessa
  5282 | D:5      | Killed Duvessa
  5282 | D:5      | Noticed Dowan
  5285 | D:5      | Killed Dowan
  5286 | D:5      | Reached skill level 8 in Earth Magic
  5586 | D:5      | Found a sacrificial altar of Ru.
  5811 | D:5      | Reached XP level 8. HP: 31/31 MP: 10/13
  5850 | D:5      | Reached skill level 3 in Spellcasting
  5850 | D:5      | Reached skill level 3 in Conjurations
  5850 | D:5      | Reached skill level 3 in Dodging
  6046 | D:5      | Reached skill level 4 in Conjurations
  6091 | D:5      | Reached skill level 1 in Fighting
  6171 | D:5      | Reached skill level 2 in Fighting
  6171 | D:5      | Reached skill level 4 in Dodging
  6212 | D:5      | Killed Verendum's ghost
  6213 | D:5      | Reached skill level 3 in Fighting
  6213 | D:5      | Reached skill level 5 in Dodging
  6291 | D:6      | Reached skill level 6 in Dodging
  6333 | D:6      | Noticed Edmund
  6334 | D:6      | Noticed Blork the orc
  6353 | D:5      | HP: 2/36 [killer bee (7)]
  6354 | D:5      | Succumbed to a killer bee's poison
  6355 | D:5      | Reached XP level 7. HP: -2/31 MP: 10/12
  6373 | D:5      | Quit the game

Vanquished Creatures
  The ghost of Verendum the Insei, a novice OpTm (D:5)
  A shadow (D:5)
  A water moccasin (D:6)
  Duvessa (D:5)
  A black bear (D:4)
  A phantom (D:5)
  A kobold brigand (D:4)
  2 scorpions (D:5)
  2 necrophages (D:5)
  Dowan (D:5)
  2 hounds (D:4)
  An orc priest (D:5)
  3 jellies (D:5)
  A gnoll bouda (D:4)
  2 orc wizards (D:5)
  5 iguanas
  Robin (D:2)
  5 gnolls
  10 adders
  2 white imps (D:5)
  A dart slug (D:1)
  The ghost of DEFE the Sneak, a weakling VSDe (D:4)
  11 orcs
  A ball python (D:2)
  4 endoplasms
  2 giant cockroaches
  10 hobgoblins
  4 quokkas
  4 bats
  3 frilled lizards
  17 goblins
  15 kobolds
  8 rats
125 creatures vanquished.
